 Dungeon Crawl Stone Soup version 0.32-a0-350-g4f4d228785 (webtiles) character file.

Game seed: 5427428591064836605

40 n00bmints the Cudgeller (level 3, 0/29 HPs)
             Began as a Human Berserker on Feb 17, 2024.
             Was a Follower of Trog.
             Constricted to death by a ball python (1 damage)
             ... on level 1 of the Dungeon.
             The game lasted 00:02:19 (503 turns).

n00bmints the Cudgeller (Human Berserker)            Turns: 503, Time: 00:02:21

Health: 0/29       AC:  2    Str: 19    XL:     3   Next: 50%
Magic:  3/3        EV:  9    Int:  7    God:    Trog [*.....]
Gold:   73         SH:  0    Dex: 12    Spells: 2/2 levels left

rFire   . . .        a - +0 mace
rCold   . . .        (no shield)
rNeg    . . .        b - +0 animal skin
rPois   .            (no helmet)
rElec   .            (no cloak)
rCorr   .            (no gloves)
SInv    .            (no boots)
Will    ++...        (no amulet)
Stlth   +            (no ring)
HPRegen 1.24/turn    (no ring)
MPRegen 0.08/turn

%: no passive effects
@: strong-willed, regenerating, constricted
A: explore regen
a: Renounce Religion, Berserk


You were on level 1 of the Dungeon.
You worshipped Trog.
Trog was aware of your devotion.
You visited 1 branch of the dungeon, and saw 1 of its levels.

You collected 73 gold pieces.

Inventory:

Hand Weapons
 a - a +0 mace (weapon)
Missiles
 d - 2 throwing nets (quivered)
Armour
 b - a +0 animal skin (worn)
Scrolls
 c - a scroll of identify {unknown}
Potions
 e - a potion of curing {unknown}


   Skills:
 + Level 3.4 Fighting
 + Level 3.9 Maces & Flails
 + Level 2.1 Armour
 + Level 2.1 Dodging


You had 2 spell levels left.
You didn't know any spells.
Your spell library was empty.

Dungeon Overview and Level Annotations

Branches:
Dungeon (1/15)

Altars:

Shops:
D:1 [


Innate Abilities, Weirdness & Mutations

You regain HP and MP as you explore.


Message History

You barely miss the jackal.
The jackal is severely wounded.
The jackal barely misses you. The ball python bites you.
The ball python constricts you.
The jackal bites you but does no damage.
You miss the jackal.
The jackal is severely wounded.
The jackal bites you.
The ball python bites you but does no damage.
The ball python constricts you. The jackal bites you.
The ball python barely misses you. The ball python constricts you.
You hit the jackal.
You kill the jackal!
Trog accepts your kill.
You can now call upon Trog for regeneration and willpower.
The ball python barely misses you. The ball python constricts you.
The jackal closely misses you.
You completely miss the jackal. The ball python closely misses you.
The ball python constricts you. The jackal barely misses you.
The ball python bites you.
* * * LOW HITPOINT WARNING * * *
The ball python constricts you.
* * * LOW HITPOINT WARNING * * *
You hit the jackal.
The jackal is heavily wounded.
The jackal bites you.
* * * LOW HITPOINT WARNING * * *
The jackal bites you.
* * * LOW HITPOINT WARNING * * *
The ball python bites you.
* * * LOW HITPOINT WARNING * * *
The ball python constricts you.
* * * LOW HITPOINT WARNING * * *
Your skin crawls.
You feel strong-willed.
You can no longer call upon Trog for regeneration and willpower.
The jackal closely misses you. The ball python bites you.
* * * LOW HITPOINT WARNING * * *
The ball python constricts you.
You die...

####.......##.. ...
#∩......# .. .. ###
#...(.....#.#.###
..###.......##......#
#.........#...##.##
†.............#P†P# ##
#.........#..##≈.≈## #..
..........####≈Sh≈≈##.♣.
#.........##P≈≈≈@≈≈≈P...
#......................ß
#.>.......##P≈≈≈.≈≈≈P...
..........####≈≈.≈≈##.♣.
..........##.##≈.≈## #..
###...........#P.P# ##
..))...#...# ##.##
######.....####..# #
####........####


You could see a jackal and a ball python.

Vanquished Creatures
  An endoplasm (D:1)
  4 goblins (D:1)
  3 hobgoblins (D:1)
  3 jackals (D:1)
  A kobold (D:1)
  A quokka (D:1)
  2 ball pythons (D:1)
  2 bats (D:1)
  A frilled lizard (D:1)
  4 rats (D:1)
22 creatures vanquished.

Notes
Turn   | Place    | Note
-------+----------+-------------------------------------------
     0 | D:1      | n00bmints the Human Berserker began the quest for the Orb.
     0 | D:1      | Reached XP level 1. HP: 18/18 MP: 1/1
    41 | D:1      | Found Kistri Modyu's Armour Boutique.
    52 | D:1      | Reached XP level 2. HP: 15/24 MP: 2/2
   338 | D:1      | Reached XP level 3. HP: 28/29 MP: 3/3
   500 | D:1      | Reached ** piety under Trog
   502 | D:1      | HP: 1/29 [constriction (1)]
   503 | D:1      | Constricted to death by a ball python

Illustrated notes

Levels and vault maps discovered:
D:1:      minmay_arrival_statue_studded, layout_rooms, serial_shops, shop,
          serial_rivers, chequers_serial_rivers_micro_d,
          chequers_serial_rivers_small_a, chequers_serial_rivers_room_b,
          chequers_serial_rivers_small_3, dreamdust_princess_bridge

Action                     || total
---------------------------++-------
  Melee: Mace              ||    55
 Invoke: Berserk           ||     1
         Trog's Hand       ||     1
 Armour: Animal skin       ||    51
  Dodge: Dodged            ||    55

Table legend: (Time is in decaauts)
 A = Elapsed time spent in this place.
 B = Non-inter-level travel time spent in this place.
 C = Inter-level travel time spent in this place.
 D = Time resting spent in this place.
 E = Time spent auto-exploring this place.
 F = Levels seen in this place.
 G = Mean time per level.
                   A        B        C        D        E       F      G
               +--------+--------+--------+--------+--------+-----+--------+
         Total |    524 |    524 |      0 |      0 |    173 |   1 |  524.0 |
       Dungeon |    524 |    524 |      0 |      0 |    173 |   1 |  524.0 |
               +--------+--------+--------+--------+--------+-----+--------+

Top non-repeatable levels by time:
     D:1: 524 daAuts
